 Dungeon Crawl Stone Soup version 0.26.1-11-gd32895ea62 (webtiles) character file.

Game seed: 3198750602819616318

9678 H0rd4k the Martial Artist (level 11, -8/70 HPs)
             Began as an Octopode Transmuter on May 11, 2021.
             Was an Initiate of Gozag.
             Mangled by a minotaur
             ... wielding a +1 great sword of electrocution
              (18 damage)
             ... in a Gauntlet.
             The game lasted 00:24:08 (16788 turns).

H0rd4k the Martial Artist (Octopode Transmuter)    Turns: 16788, Time: 00:24:11

Health: -8/70      AC:  7    Str: 16    XL:     11   Next: 50%
Magic:  14/21      EV: 15    Int: 24    God:    Gozag
Gold:   357        SH:  0    Dex: 12    Spells: 9/24 levels left

rFire    . . .     SeeInvis +     - Unarmed
rCold    + . .     Faith    .   (shield currently unavailable)
rNeg     . . .     Spirit   .   (helmet restricted)
rPois    +         Reflect  .   y - amulet of Liremol {Acrobat Will+ Int+2 Slay+4 SInv Stlth-}
rElec    .         Harm     .   i - ring of flight
rCorr    +         Rampage  .   p - ring of wizardry
Will     ++...     NoTele   +   u - ring of stealth
Stlth    +++.......             w - ring of protection from cold
HPRegen  0.21/turn              H - ring of willpower
MPRegen  0.17/turn              L - +6 ring of strength
                                G - ring of Ekheq {rPois Int+3}
                                J - ring of resist corrosion

@: mighty, icy armour, blade tentacles (expiring)
A: almost no armour, stealthy swim, amphibious, 8 rings, constrict 8, camouflage
1, gelatinous body 1
a: End Transformation, Renounce Religion, Evoke Flight, Potion Petition, Call
Merchant, Bribe Branch


You were in a Gauntlet.
You worshipped Gozag.
Gozag was aware of your devotion.
You had blades for tentacles.
You visited 2 branches of the dungeon, and saw 12 of its levels.
You also visited: Sewer and Gauntlet.

You collected 1665 gold pieces.
You spent 777 gold pieces at shops.
You paid 531 gold pieces to Gozag.

Inventory:

Missiles
 c - 8 silver javelins
 f - 67 poisoned darts (quivered)
Magical Staves
 K - an uncursed staff of poison
Jewellery
 i - a ring of flight (left scythe-like blade)
 p - a ring of wizardry (right scythe-like blade)
 u - a ring of stealth (on tentacle)
 w - a ring of protection from cold (on tentacle)
 y - the amulet of Liremol (around mantle) {Acrobat Will+ Int+2 Slay+4 SInv Stlth-}
   (You found it on level 4 of the Dungeon)

   [amulet of the acrobat]

   It helps you evade while moving and waiting.
   It affects your intelligence (+2).
   It affects your accuracy and damage with ranged weapons and melee attacks
   (+4).
   It affects your willpower, your defense against some magical effects.
   It lets you see invisible.
   It makes you less stealthy.
 F - an uncursed ring of protection from cold
 G - the ring of Ekheq (on tentacle) {rPois Int+3}
   (You bought it in a shop on level 11 of the Dungeon)

   [ring of poison resistance]

   It affects your intelligence (+3).
   It protects you from poison.
 H - a ring of willpower (on tentacle)
 J - a ring of resist corrosion (on tentacle)
 L - a +6 ring of strength (on tentacle)
Wands
 s - a wand of iceblast (7)
 B - a wand of acid (2)
Scrolls
 a - 7 scrolls of remove curse
 b - 7 scrolls of teleportation
 e - 3 scrolls of blinking {unknown}
 g - a scroll of immolation {unknown}
 k - 3 scrolls of magic mapping {unknown}
 l - 2 scrolls of enchant weapon {unknown}
 m - a scroll of amnesia {unknown}
 o - a scroll of enchant armour {unknown}
 r - a scroll of holy word {unknown}
 z - 6 scrolls of fog {unknown}
 A - a scroll of vulnerability {unknown}
 D - 3 scrolls of fear {unknown}
Potions
 d - 4 potions of heal wounds
 h - a potion of cancellation {unknown}
 j - a potion of ambrosia {unknown}
 n - a potion of invisibility {unknown}
 q - 5 potions of curing
 t - a potion of might
 v - 2 potions of degeneration {unknown}
 x - 5 potions of brilliance {unknown}
 C - a potion of haste {unknown}
 E - 2 potions of resistance {unknown}
 I - 4 potions of magic {unknown}


   Skills:
 + Level 4.7 Fighting
 + Level 0.6 Throwing
 + Level 5.5 Dodging
 + Level 4.2 Stealth
 + Level 11.4 Unarmed Combat
 * Level 7.0 Spellcasting
 * Level 7.0 Transmutations
 * Level 1.7 Ice Magic
 - Level 5.8 Poison Magic
 + Level 1.2 Evocations


You had 9 spell levels left.
You knew the following spells:

 Your Spells              Type           Power        Failure   Level
a - Beastly Appendage     Tmut           84%          4%          1
b - Spider Form           Tmut/Pois      19%          8%          3
c - Blade Hands           Tmut           21%          21%         5
d - Ozocubu's Armour      Ice            16%          21%         3
e - Frozen Ramparts       Ice            32%          21%         3

Your spell library contained the following spells:

 Spells                   Type           Power        Failure   Level
 Wereblood                Tmut           42%          5%          2
 Freeze                   Ice            64%          12%         1
 Ice Form                 Ice/Tmut       29%          22%         4
 Static Discharge         Conj/Air       8%           32%         3
 Hailstorm                Conj/Ice       12%          52%         4
 Summon Ice Beast         Ice/Summ       12%          52%         4
 Bolt of Magma            Conj/Fire/Erth 4%           86%         5
 Iskenderun's Battlesphe  Conj           8%           86%         5
 Lightning Bolt           Conj/Air       4%           86%         5
 Iron Shot                Conj/Erth      4%           100%        6
 Orb of Destruction       Conj           4%           100%        7
 Spellforged Servitor     Conj/Summ      4%           100%        7
 Ignition                 Fire           4%           100%        8
 Shatter                  Erth           4%           100%        9
 Tornado                  Air            4%           100%        9


Dungeon Overview and Level Annotations

Branches:
Dungeon (11/15)            Temple (1/1) D:5            Lair (0/6) D:10
  Sewer (visited)         Gauntlet (1/1)
    Orc: D:9-12

Altars:
Ashenzari
Cheibriados
Dithmenos
Elyvilon
Fedhas
Gozag
Hepliaklqana
Kikubaaqudgha
Makhleb
Nemelex Xobeh
Okawaru
Qazlal
Ru
Sif Muna
Trog
Uskayaw
Vehumet
Wu Jian
Xom
Yredelemnul
Zin
The Shining One

Shops:
D:11 *

Annotations:
D:6 1 runed translucent door, Alannah's ghost, novice DsWn Gauntlet 8 transporters, 1 runed translucent door, exclusions: lightning spire, obsidian statue and oklob plant


Innate Abilities, Weirdness & Mutations

You cannot wear most types of armour.
You are very stealthy in the water. (Stealth+)
You are amphibious.
You can wear up to eight rings at the same time.
You can use your tentacles to constrict eight enemies at once.
Your skin changes colour to match your surroundings (Stealth+).
Your rubbery body absorbs attacks. (AC +1, EV +1)


Message History

The minotaur hits you with a +1 great sword of electrocution!!
The minotaur gores you but does no damage.
You slice the minotaur!! You grab the minotaur. You slash the minotaur!
The minotaur is moderately wounded.
You constrict the minotaur, but do no damage.
You slice the minotaur!! Your squeeze misses the minotaur.
The minotaur is severely wounded.
You constrict the minotaur, but do no damage.
The minotaur hits you with a +1 great sword of electrocution!
You are electrocuted!!
* * * LOW HITPOINT WARNING * * *
The minotaur gores you.
* * * LOW HITPOINT WARNING * * *
You feel much better.
You constrict the minotaur, but do no damage.
The minotaur hits you with a +1 great sword of electrocution!!
* * * LOW HITPOINT WARNING * * *
You are electrocuted!!
You die...
Your body crumbles into a pile of gold.

p.#5#..## ##.5#..≈# ##
## #####..###.# ..#
.......##..##.#.#
#####..#......#.#
#8.8#..#...##.#.# #
8...#.8#.©.##...# '###
.8./#..#...##.#.##.⌠..#
©.8©#.∩#.©....#.@H...⌠+
.8.|#..#...##.#.##∩...#
8..[#.8#.©.##...# .⌠.#
#8..#..#...##.#.# +##
#####..#......#.#
.......##..##.#.#
#####..###.##...#
...8#..≈#########
###.#..##


You could see a minotaur.

Vanquished Creatures
  Harold (D:8)
  A great orb of eyes (Gauntlet)
  An ugly thing (Gauntlet)
  Maurice (D:10)
  Maggie (D:6)
  A troll (D:9)
  2 hornets (D:9)
  2 raiju (Gauntlet)
  A wyvern (D:8)
  3 yaks (D:11)
  Sigmund (D:3)
  4 orc warriors
  2 sky beasts
  3 ice beasts
  2 phantoms
  3 black bears
  A necrophage (D:10)
  6 ogres
  2 centaurs
  3 bullfrogs
  A big kobold (D:9)
  A wyvern zombie (D:10)
  6 scorpions
  9 killer bees
  5 howler monkeys
  11 wights
  4 bullfrog zombies
  A centaur zombie (D:8)
  3 jellies
  2 quasits
  7 orc priests
  3 bullfrog skeletons
  11 orc wizards
  A gnoll shaman (D:7)
  5 hounds
  Ijyb (D:3)
  5 iguanas
  11 worker ants
  A howler monkey zombie (D:7)
  7 gnolls
  9 adders
  A shadow imp (D:5)
  A white imp (D:5)
  2 ufetubi
  2 adder skeletons
  A worm (D:3)
  3 dart slugs (D:1)
  A leopard gecko (D:1)
  39 orcs
  6 bats
  11 giant cockroaches
  2 gnoll zombies (D:5)
  7 goblins
  5 hobgoblins
  11 jackals
  5 quokkas
  5 ball pythons
  11 frilled lizards
  A jackal zombie (D:7)
  15 kobolds
  2 quokka skeletons
  11 rats
287 creatures vanquished.

Vanquished Creatures (others)
  6 fungi (D:10)
  5 plants (D:10)
11 creatures vanquished.

Grand Total: 298 creatures vanquished

Notes
Turn   | Place    | Note
-------+----------+-------------------------------------------
     0 | D:1      | H0rd4k the Octopode Transmuter began the quest for the Orb.
     0 | D:1      | Reached XP level 1. HP: 13/13 MP: 3/3
    93 | D:1      | Reached XP level 2. HP: 9/18 MP: 5/5
   770 | D:1      | Reached skill level 1 in Stealth
   774 | D:1      | Reached XP level 3. HP: 23/23 MP: 6/6
  1479 | D:2      | Learned a level 3 spell: Spider Form
  2209 | D:2      | Found a shimmering blue altar of Sif Muna.
  2302 | D:2      | Found a hazy altar of Hepliaklqana.
  2419 | D:3      | Found a hide-covered altar of Uskayaw.
  2421 | D:3      | Found an ancient bone altar of Kikubaaqudgha.
  2515 | D:3      | Found a glowing drain.
  2541 | Sewer    | Entered a sewer
  2565 | Sewer    | Reached XP level 4. HP: 25/28 MP: 7/7
  3040 | Sewer    | Noticed a bullfrog
  3046 | Sewer    | Killed a bullfrog
  3047 | Sewer    | Reached skill level 4 in Unarmed Combat
  3047 | Sewer    | Reached skill level 1 in Poison Magic
  3047 | Sewer    | Reached XP level 5. HP: 18/34 MP: 7/9
  3527 | D:3      | Noticed Sigmund
  3540 | D:3      | Killed Sigmund
  3541 | D:3      | Reached XP level 6. HP: 39/39 MP: 7/10
  3975 | D:3      | Noticed Ijyb
  3982 | D:3      | Paralysed by Ijyb for 2 turns
  3988 | D:3      | Paralysed by Ijyb for 4 turns
  3997 | D:3      | Killed Ijyb
  4568 | D:4      | Reached skill level 5 in Unarmed Combat
  4573 | D:4      | Reached XP level 7. HP: 19/45 MP: 9/11
  5012 | D:4      | Found a sparkling altar of Nemelex Xobeh.
  5166 | D:4      | Got a flickering zirconium amulet
  5211 | D:5      | Entered Level 5 of the Dungeon
  5226 | D:5      | Identified the amulet of Liremol {Acrobat Will+ Int+2
                  | Slay+4 SInv Stlth-} (You found it on level 4 of the
                  | Dungeon)
  5232 | D:5      | Learned a level 5 spell: Blade Hands
  5246 | D:5      | Found a staircase to the Ecumenical Temple.
  5835 | D:5      | Found a basalt altar of Yredelemnul.
  5983 | D:5      | Reached XP level 8. HP: 35/51 MP: 13/13
  6117 | D:5      | Reached skill level 6 in Unarmed Combat
  7146 | Temple   | Entered the Ecumenical Temple
  7691 | D:6      | Found a runed translucent door.
  7691 | D:6      | Noticed Alannah's ghost (novice DsWn)
  7754 | D:6      | Reached skill level 7 in Unarmed Combat
  8291 | D:6      | Noticed Maggie
  8308 | D:6      | Killed Maggie
  8309 | D:6      | Reached XP level 9. HP: 43/55 MP: 13/16
  8538 | D:6      | Reached skill level 8 in Unarmed Combat
  8538 | D:6      | Reached skill level 5 in Spellcasting
  9220 | D:7      | Found an opulent altar of Gozag.
  9224 | D:7      | Became a worshipper of Gozag Ym Sagoz the Greedy
  9228 | D:7      | Found an ornate altar of the Wu Jian Council.
  9231 | D:7      | Found a white marble altar of Elyvilon.
  9425 | D:7      | Reached skill level 5 in Poison Magic
 10381 | D:7      | Reached skill level 5 in Transmutations
 10464 | D:7      | Learned a level 3 spell: Ozocubu's Armour
 11217 | D:8      | Reached skill level 9 in Unarmed Combat
 11586 | D:8      | Reached XP level 10. HP: 60/61 MP: 18/18
 11691 | D:8      | Noticed Harold
 11711 | D:8      | Killed Harold
 11758 | D:8      | Reached skill level 1 in Evocations
 12392 | D:9      | Reached skill level 10 in Unarmed Combat
 12756 | D:9      | Paralysed by a hornet for 2 turns
 13158 | D:9      | Reached skill level 5 in Dodging
 13408 | D:9      | Found a sparkling altar of Nemelex Xobeh.
 13569 | D:9      | Paralysed by a hornet for 2 turns
 13698 | D:9      | You fall into a shaft and drop 1 floor!
 13698 | D:10     | Entered Level 10 of the Dungeon
 14275 | D:9      | Reached XP level 11. HP: 70/70 MP: 20/20
 14525 | D:10     | Noticed Maurice
 14719 | D:10     | Killed Maurice
 15048 | D:10     | Found a staircase to the Lair.
 15466 | D:10     | Learned a level 3 spell: Frozen Ramparts
 15521 | D:11     | Reached skill level 11 in Unarmed Combat
 15755 | D:11     | Found a gate leading to a gauntlet.
 15779 | D:11     | Bought a warped amber ring for 185 gold pieces
 15779 | D:11     | Bought a scroll labelled SYZXEI ETABB for 37 gold pieces
 15779 | D:11     | Bought a papyrus book for 555 gold pieces
 15781 | Gauntlet | Entered a Gauntlet
 15781 | Gauntlet | Found a transporter.
 15781 | Gauntlet | Found a transporter.
 15782 | Gauntlet | Identified the ring of Ekheq {rPois Int+3} (You bought it
                  | in a shop on level 11 of the Dungeon)
 15790 | Gauntlet | Noticed a death ooze
 15958 | Gauntlet | Found a transporter.
 15968 | Gauntlet | Noticed a faun
 15970 | Gauntlet | Found a transporter.
 15970 | Gauntlet | Found a transporter.
 15973 | Gauntlet | Noticed a mana viper
 15973 | Gauntlet | a faun changed into a mana viper
 15976 | Gauntlet | Found a transporter.
 15992 | Gauntlet | Noticed an oklob plant
 16003 | Gauntlet | Found a transporter.
 16020 | Gauntlet | Found a transporter.
 16020 | Gauntlet | Noticed a white ugly thing
 16020 | Gauntlet | Noticed a great orb of eyes
 16022 | Gauntlet | Found a transporter.
 16022 | Gauntlet | Found a transporter.
 16026 | Gauntlet | Noticed a wizard
 16027 | Gauntlet | Noticed a wizard
 16035 | Gauntlet | Found a transporter.
 16048 | Gauntlet | Noticed an obsidian statue
 16051 | Gauntlet | Found a transporter.
 16059 | Gauntlet | Found a runed translucent door.
 16061 | Gauntlet | Found a transporter.
 16063 | Gauntlet | Found a runed translucent door.
 16075 | Gauntlet | Found a transporter.
 16105 | Gauntlet | Noticed a salamander
 16198 | Gauntlet | Killed a white ugly thing
 16199 | Gauntlet | Reached skill level 1 in Ice Magic
 16203 | Gauntlet | Killed a great orb of eyes
 16778 | Gauntlet | Identified the +9 scale mail "Jehoq" {rF+ Stlth+}
 16778 | Gauntlet | Noticed a minotaur
 16788 | Gauntlet | Mangled by a minotaur

Illustrated notes

Levels and vault maps discovered:
D:1:      saegor_arrival_simple_c, layout_basic, interstate_on_off,
          minmay_quantized
D:2:      layout_basic, lemuel_blue_sif_altar, nzn_hepliaklqana_mist_gate
D:3:      kb_forest_paths, layout_basic, grunt_temple_overflow_open,
          cheibrodos_sewer_entry_sluice, uniq_sigmund, uniq_ijyb
D:4:      layout_rooms, nemelex_altar_shiori
D:5:      layout_loops_ring, lemuel_zombie_altar_yredelemnul,
          minmay_temple_entry_proselytizer
D:6:      layout_basic, hellmonk_ghost_happy_afterlife, uniq_maggie
D:7:      layout_layer_cave, grunt_temple_overflow_diamond, kennysheep_doodads,
          minivault_22
D:8:      layout_gridville, uniq_harold
D:9:      layout_small_grid, kennysheep_mini_moat
D:10:     layout_long_grid, grunt_lair_entry_orc_guard_hut, uniq_maurice
D:11:     layout_basic, nicolae_trove_entry_crystal, gauntlet_entry_generic
Temple:   nicolae_temple_figure_eight
Gauntlet: gammafunk_gauntlet_mixed_choke_point [minmay_gauntlet_arena_77_fan,
          minmay_gauntlet_arena_77_p_blocks, minmay_gauntlet_arena_77_two_lines,
          nicolae_gauntlet_arena_flowing_pool,
          minmay_gauntlet_arena_77_squiggly,
          minmay_gauntlet_arena_77_terracotta_army,
          minmay_gauntlet_arena_77_shame_cube, gauntlet_exit_hidden_loot]

Skill      XL: |  1  2  3  4  5  6  7  8  9 10 11 |
---------------+----------------------------------+-----
Stealth        | 1 3 4 |  4.2
Unarmed Combat | 4 5 7 9 10 11 | 11.4
Poison Magic   | 1 2 3 4 5 |  5.8
Fighting       | 2 4 |  4.7
Dodging        | 3 4 5 |  5.5
Spellcasting   | 3 4 5 6 7 |  7.0
Transmutations | 3 4 5 6 7 |  7.0
Evocations     | 1 |  1.2
Ice Magic      | 1 |  1.7
Throwing       | |  0.6

Action                   |  1- 3 |  4- 6 |  7- 9 | 10-12 || total
-------------------------+-------+-------+-------+-------++-------
Melee: Unarmed           |   114 |   116 |   271 |   262 ||   763
       Constrict         |    32 |    27 |    18 |    24 ||   101
       Tentacles         |    14 |    16 |    15 |    10 ||    55
       Punch             |       |     3 |     2 |     8 ||    13
Throw: Dart              |     1 |     4 |     3 |     3 ||    11
 Cast: Spider Form       |       |     3 |    34 |    20 ||    57
       Blade Hands       |       |       |       |     4 ||     4
       Ozocubu's Armour  |       |       |       |     2 ||     2
Invok: Call Merchant     |       |       |       |     1 ||     1
Evoke: Wand              |       |       |     2 |     5 ||     7
  Use: Scroll            |       |       |     6 |     2 ||     8
       Potion            |       |       |     1 |     3 ||     4
 Stab: Sleeping          |     5 |     5 |     5 |     7 ||    22
       Distracted        |       |     1 |       |     1 ||     2
Armor: Skin              |     9 |     5 |     3 |     7 ||    24
Dodge: Dodged            |    66 |    67 |   212 |   214 ||   559
